AoeStats
← Zutn

MegaRandom

510285537Analyzed
2v2 RM · 23h ago on Sep 30, 2026· 27m 47s· 4 players
Game mode
Random Map
Map size
Medium (4 player)
Population
200
Speed
Normal
Resources
Standard
Victory
Conquest
Starting age
Dark Age
Ending age
Imperial Age
RankedLock teamsTeams togetherTeam positionsShared explorationLock speedFull tech treeHidden civsTurbo modeCheats
Victory
Defeat
🇩🇪 Armenians · Germany
1272
+17
🇩🇪 Turks · Germany
1190
+20
🇨🇭 Maya · Switzerland
1293
-19
🇩🇪 Huns · Germany
1265
-18
Han.
11:52 Loom
13:38 Feudal Age
14:51 Horse Collar
14:57 Double-Bit Axe
20:32 Castle Age
19:35 Gold Mining
20:42 Scale Barding Armor
21:27 Forging
21:19 Stone Mining
21:49 Heavy Plow
27:18 Bloodlines
alexminho
3:52 Loom
13:00 Feudal Age
13:51 Double-Bit Axe
14:46 Fletching
16:10 Padded Archer Armor
23:55 Castle Age
24:57 Bow Saw
26:27 Wheelbarrow
25:49 Gold Mining
25:25 Crossbowman
Zutn
8:13 Loom
11:42 Feudal Age
12:11 Double-Bit Axe
14:58 Horse Collar
16:59 Town Watch
17:48 Bloodlines
18:16 Forging
18:49 Scale Barding Armor
24:00 Castle Age
25:42 Iron Casting
27:43 Chain Barding Armor
Tintenroller
11:08 Loom
14:33 Feudal Age
15:17 Double-Bit Axe
16:23 Fletching
18:22 Padded Archer Armor
22:56 Horse Collar
26:58 Castle Age
25:58 Stone Mining
26:14 Scale Mail Armor
Connection lost

Rejoining the realm…

Still unreachable

The connection could not be restored.

Session expired

The server has moved on; the page needs a fresh start.